 Dungeon Crawl Stone Soup version 0.26-b1-32-g5d43845318 (webtiles) character file.

Game seed: 7070081008140871506

4614 Borgoz the Nimble (level 10, -2/90 HPs)
             Began as a Ghoul Gladiator on Jan 12, 2021.
             Was a Follower of Okawaru.
             Slain by a red ugly thing (23 damage)
             ... on level 8 of the Dungeon.
             The game lasted 00:11:03 (9045 turns).

Borgoz the Nimble (Ghoul Gladiator)                 Turns: 9045, Time: 00:11:03

Health: -2/90      AC: 11    Str: 22    XL:     10   Next: 42%
Magic:  8/9        EV: 14    Int:  3    God:    Okawaru [*.....]
Gold:   414        SH:  0    Dex: 10    Spells: 9/9 levels left

rFire    . . .     SeeInvis +   e - +0 morningstar
rCold    + . .     Faith    +   (no shield)
rNeg     + + +     Spirit   .   l - +0 ring mail
rPois    ∞         Reflect  .   c - +1 helmet
rElec    .         Harm     .   q - +0 cloak
rCorr    .         Rampage  .   s - +0 pair of gloves (curse)
Will     .....                  (no boots)
Stlth    ..........             g - amulet of faith
HPRegen  0.00/turn              o - ring of see invisible
MPRegen  0.11/turn              n - ring of attention (curse)

@: no status effects
A: claws 1, cold resistance 1, negative energy resistance 3, inhibited
regeneration, torment resistance, unbreathing
a: Renounce Religion, Heroism


You were on level 8 of the Dungeon.
You worshipped Okawaru.
Okawaru was aware of your devotion.
You visited 2 branches of the dungeon, and saw 9 of its levels.

You collected 414 gold pieces.

Inventory:

Hand Weapons
 e - a +0 morningstar (weapon)
Armour
 c - a +1 helmet (worn)
 l - a +0 ring mail (worn)
 q - a +0 cloak (worn)
 s - a cursed +0 pair of gloves (worn)
Jewellery
 g - an amulet of faith (around neck)
 n - a cursed ring of attention (right hand)
 o - a ring of see invisible (left hand)
Scrolls
 a - 2 scrolls of enchant armour
 f - a scroll of remove curse
 i - 3 scrolls of teleportation
 j - a scroll of magic mapping {unknown}
 r - a scroll of enchant weapon
Potions
 b - a potion of cancellation
 d - a potion of flight
 h - 3 potions of curing
 m - 4 potions of heal wounds


   Skills:
 + Level 8.6 Fighting
 * Level 8.5 Maces & Flails
 - Level 1.7 Throwing
 * Level 8.0 Armour
 * Level 8.6 Dodging


You had 9 spell levels left.
You didn't know any spells.
Your spell library was empty.

Dungeon Overview and Level Annotations

Branches:
Dungeon (8/15)             Temple (1/1) D:6
   Lair: D:8-11

Altars:
Ashenzari
Cheibriados
Dithmenos
Elyvilon
Fedhas
Gozag
Hepliaklqana
Kikubaaqudgha
Makhleb
Nemelex Xobeh
Okawaru
Qazlal
Ru
Sif Muna
Trog
Uskayaw
Vehumet
Wu Jian
Xom
Yredelemnul
Zin
The Shining One

Annotations:
D:4 Eustachio
D:6 2 transporters, kuzco6543's ghost, amateur TrMo


Innate Abilities, Weirdness & Mutations

You thrive by killing the living.
You are immune to poison.
You have sharp fingernails.
Your flesh is cold resistant. (rC+)
You are immune to negative energy. (rN+++)
You do not regenerate when monsters are visible.
You are immune to unholy pain and torment.
You can survive without breathing.


Message History

You hit the red ugly thing but do no damage.
The red ugly thing is moderately wounded.
The red ugly thing headbutts you.
You are engulfed in flames!!
You barely miss the red ugly thing.
The red ugly thing is moderately wounded.
The red ugly thing closely misses you.
You completely miss the red ugly thing.
The red ugly thing is moderately wounded.
You feel like a meek peon again.
Unknown command.
You barely miss the red ugly thing.
The red ugly thing is moderately wounded.
The red ugly thing closely misses you. The red ugly thing headbutts you!
* * * LOW HITPOINT WARNING * * *
You are engulfed in flames!!
* * * LOW HITPOINT WARNING * * *
You feel much better. The red ugly thing headbutts you.
* * * LOW HITPOINT WARNING * * *
You are engulfed in flames!!
You die...

........ .....#.# .
....#..###..###.#... ...
#.................. ....
................... ....
................... .....
##..............####.....
##........#.###.#........
....#.....#..............
..........##..#.@u.......
.................).....##
......######..#..[.......
......# #..#........##
......# #.....###.#.#
..#....... ....... .....
..###....!.#....... ....
.................#.# #.#.
..###........#...#.# .#


You could see a red ugly thing.

Vanquished Creatures
  Pikel (D:3)
  Joseph (D:7)
  Menkaure (D:7)
  Duvessa (D:5)
  A water moccasin (D:6)
  An ice beast (D:5)
  2 ogres
  2 centaurs
  4 lemures (D:3)
  A bullfrog (D:7)
  2 big kobolds (D:7)
  Dowan (D:5)
  9 wights
  5 howler monkeys
  A jelly (D:8)
  An orc priest (D:5)
  2 hounds
  A centaur skeleton (D:5)
  Jessica (D:3)
  2 iguanas
  3 worker ants
  A hound zombie (D:6)
  A hound skeleton (D:4)
  Robin (D:2)
  A worker ant zombie (D:3)
  6 adders
  3 gnolls
  A howler monkey skeleton (D:8)
  2 ufetubi
  An adder zombie (D:5)
  2 worms
  5 dart slugs
  4 leopard geckos
  12 orcs
  2 ball pythons
  2 giant cockroaches
  13 goblins
  12 hobgoblins
  9 jackals
  22 kobolds
  4 quokkas
  4 bats
  6 frilled lizards
  2 leopard gecko skeletons
  A quokka skeleton (D:7)
  7 rats
167 creatures vanquished.

Notes
Turn   | Place    | Note
-------+----------+-------------------------------------------
     0 | D:1      | Borgoz the Ghoul Gladiator began the quest for the Orb.
     0 | D:1      | Reached XP level 1. HP: 17/17 MP: 0/0
   215 | D:1      | Reached XP level 2. HP: 24/25 MP: 1/1
   681 | D:1      | Reached skill level 1 in Armour
   681 | D:1      | Reached XP level 3. HP: 30/30 MP: 2/2
  1636 | D:2      | Reached XP level 4. HP: 9/37 MP: 3/3
  1998 | D:3      | Noticed Jessica
  2038 | D:3      | Noticed Robin
  2774 | D:2      | Killed Robin
  2775 | D:2      | Reached XP level 5. HP: 37/45 MP: 4/4
  2889 | D:3      | Killed Jessica
  3234 | D:4      | Noticed a lemure
  3236 | D:4      | Noticed a lemure
  3239 | D:4      | Noticed a lemure
  3244 | D:4      | Noticed Pikel
  3249 | D:4      | Noticed a lemure
  3265 | D:4      | Paralysed by Pikel for 3 turns
  3593 | D:4      | Reached XP level 6. HP: 33/51 MP: 5/5
  3631 | D:4      | Noticed Eustachio
  4775 | D:3      | Killed Pikel
  4776 | D:3      | Reached XP level 7. HP: 38/59 MP: 6/6
  5253 | D:5      | Entered Level 5 of the Dungeon
  5265 | D:5      | Noticed Duvessa
  5265 | D:5      | Noticed Dowan
  5285 | D:5      | Killed Duvessa
  5286 | D:5      | Reached skill level 5 in Maces & Flails
  5286 | D:5      | Reached skill level 5 in Dodging
  5286 | D:5      | Reached XP level 8. HP: 40/66 MP: 7/7
  5302 | D:5      | Killed Dowan
  7075 | D:6      | Found a transporter.
  7075 | D:6      | Noticed kuzco6543's ghost (amateur TrMo)
  7076 | D:6      | Identified the +3 great mace "Efocichi" {flame, rN+}
  7076 | D:6      | Noticed a two-headed ogre
  7078 | D:6      | Found a transporter.
  7137 | D:6      | Found a staircase to the Ecumenical Temple.
  7168 | Temple   | Entered the Ecumenical Temple
  7293 | Temple   | Became a worshipper of Warmaster Okawaru
  7495 | D:7      | Reached skill level 5 in Fighting
  7495 | D:7      | Reached skill level 5 in Armour
  7698 | D:7      | Reached XP level 9. HP: 73/74 MP: 8/8
  7808 | D:7      | Reached XP level 10. HP: 89/89 MP: 9/9
  7944 | D:7      | Reached * piety under Okawaru
  8152 | D:7      | Noticed Joseph
  8182 | D:7      | Killed Joseph
  8675 | D:7      | Found a burning altar of Makhleb.
  8778 | D:7      | Noticed Menkaure
  8786 | D:7      | Killed Menkaure
  9028 | D:8      | Noticed a red ugly thing
  9044 | D:8      | HP: 2/90 [red ugly thing (22)]
  9045 | D:8      | Slain by a red ugly thing

Illustrated notes

Levels and vault maps discovered:
D:1:      dpeg_arrival_ratfight, layout_basic
D:2:      layout_rooms, minmay_mini_jars
D:3:      layout_rooms, kennysheep_cross_bottleneck, dk_noncrumbling_4,
          kennysheep_generic_room_11, uniq_robin, uniq_jessica
D:4:      minmay_chambers_of_fours, layout_cave_pools, uniq_pikel,
          uniq_eustachio
D:5:      layout_gridville, uniq_duvessa
D:6:      layout_gridville, minmay_temple_entry_ruins, gammafunk_ghost_smash
D:7:      layout_basic, lemuel_coloured_pillars_altar, uniq_joseph,
          uniq_menkaure
D:8:      layout_basic, serial_shops, shop, shop, nicolae_shop_window_shopping,
          enter_bailey_5, hangedman_abyss_or_decor_stabs
Temple:   compressed_dpeg_circular_temple

Skill      XL: |  1  2  3  4  5  6  7  8  9 10 |
---------------+-------------------------------+-----
Maces & Flails | 3 4 5 6 8 |  8.5
Dodging        | 3 4 5 6 8 |  8.6
Armour         | 1 2 3 5 7 8 |  8.0
Fighting       | 3 4 5 8 |  8.6
Throwing       | |  1.7

Action                   |  1- 3 |  4- 6 |  7- 9 | 10-12 || total
-------------------------+-------+-------+-------+-------++-------
Melee: Flail             |   119 |    24 |       |       ||   143
       Morningstar       |       |   232 |   244 |   129 ||   605
Throw: Throwing net      |       |     2 |     2 |     1 ||     5
Invok: Heroism           |       |       |       |     3 ||     3
  Use: Potion            |     4 |     1 |     4 |     1 ||    10
       Scroll            |       |    10 |     5 |     2 ||    17
 Stab: Invisible         |     1 |       |       |       ||     1
Armor: Leather armour    |    39 |       |       |       ||    39
       Ring mail         |       |   166 |   133 |    31 ||   330
Dodge: Dodged            |   100 |   317 |   244 |   100 ||   761
